Cogmind - Beta 13 @@@ ROGUE MODE // 2024.04.07 @ 13:42:31 Player: LEWiKK Result: Destroyed by D-53 Grenadier with Mini Grenade Launcher Performance ------------- Evolutions (0) 0 Regions Visited (3) 600 Robots Destroyed (18) 90 Value Destroyed (400) 400 Prototype IDs (2) 40 Alien Tech Used (0) 0 Bonus (0) 0 TOTAL SCORE: 1130 Bonus ------- None Cogmind --------- Core Integrity 0/250 Matter 300/300 Energy 125/125 System Corruption 0% Temperature Cool (0) Movement Walking (190) Ox1 Location -9/Recycling Parts ------- > --- POWER (1) -------- Light Ion Engine > --- PROPULSION (2) --- Aluminum Leg Myomer Leg > --- UTILITY (2) ------ High-capacity Storage Unit Signal Interpreter > --- WEAPON (2) ------- Light Assault Rifle Heavy Assault Rifle > --- INVENTORY (20) --- Ion Engine Light Ion Engine Aluminum Leg Aluminum Leg Aluminum Leg Aluminum Leg Aluminum Leg Scrap Engine Weight Redist. System Structural Scanner Sensor Array Phase Shifter Scrap Shield Heavy Assault Rifle Improved Light Cannon Battle Cannon Grenade Launcher Datajack Peak State ------------ > --- POWER ------------ Light Ion Engine > --- PROPULSION ------- Aluminum Leg Myomer Leg > --- UTILITY ---------- High-capacity Storage Unit Signal Interpreter > --- WEAPON ----------- Light Assault Rifle Heavy Assault Rifle > --- INVENTORY -------- Ion Engine Light Ion Engine Aluminum Leg Aluminum Leg Aluminum Leg Aluminum Leg Aluminum Leg Scrap Engine Weight Redist. System Structural Scanner Sensor Array Phase Shifter Scrap Shield Heavy Assault Rifle Improved Light Cannon Battle Cannon Grenade Launcher Datajack [Rating: 18] Favorites ----------- Power Light Ion Engine Engine Light Ion Engine Power Core Light Nuclear Core Propulsion Aluminum Leg Leg Aluminum Leg Utility High-capacity Storage Unit Device Structural Scanner Storage High-capacity Storage Unit Processor Signal Interpreter Weapon Light Assault Rifle Energy Gun Small Laser Ballistic Gun Light Assault Rifle Special Melee Weapon Datajack Build | -11 -10 -10 -9 ------- Run | Yrd Mat Sub Rec Slots Evolved . | . . . . Power . | . . . . Propulsion . | . . . . Utility . | . . . . Weapon . | . . . . Parts Attached 21 | 5 12 4 . Power 3 | 1 . 2 . Engine 2 | 1 . 1 . Core 1 | . . 1 . Reactor . | . . . . Propulsion 5 | 2 1 2 . Treads . | . . . . Leg 5 | 2 1 2 . Wheel . | . . . . Hover . | . . . . Flight . | . . . . Utility 7 | 1 6 . . Device 1 | . 1 . . Storage 5 | 1 4 . . Processor 1 | . 1 . . Hackware . | . . . . Protection . | . . . . Artifact . | . . . . Weapon 6 | 1 5 . . Energy Gun 2 | . 2 . . Energy Cannon . | . . . . Ballistic Gun 2 | 1 1 . . Ballistic Cannon . | . . . . Launcher . | . . . . Special Weapon . | . . . . Impact Weapon . | . . . . Slashing Weapon . | . . . . Piercing Weapon . | . . . . Special Melee Weapon 2 | . 2 . . Unidentified Prototypes . | . . . . Parts Lost 4 | . 1 3 . Power 2 | . . 2 . Propulsion 2 | . 1 1 . Utility . | . . . . Weapon . | . . . . Highest Loss Streak 3 | . 1 3 . To Critical Strikes . | . . . . Average Slot Usage (%) 97 | . 96 100 100 Engine 13 | . 14 13 14 Leg 28 | . 28 28 28 Device 8 | . 9 . . Storage 14 | . 14 14 14 Processor 3 | . 1 14 14 Energy Gun 6 | . 8 . . Ballistic Gun 16 | . 14 28 28 Special Melee Weapon 4 | . 5 . . Naked Turns . | . . . . Heaviest Build 49 | 9 47 49 47 Greatest Support 35 | 20 20 35 35 Greatest Overweight (x) 2 | . 2 2 1 Average Overweight (x) 1 | . 1 1 1 Largest Inventory Capacity 20 | 8 20 20 20 Average Capacity 17 | 6 16 20 20 Most Carried 20 | 5 20 20 20 Average Carried 15 | 3 14 19 19 Final Capacity 20 | 8 20 20 20 Final Carried 20 | 3 20 20 20 Class Distribution -------------------- 100% | Mutant Dominant Class ---------------- Mutant | -10/Materials Mutant | -10/Subcaves Mutant | -9/Recycling Resources | -11 -10 -10 -9 ----------- Run | Yrd Mat Sub Rec Matter Collected 480 | 249 171 60 . Remotely . | . . . . Salvage Created 636 | . 525 111 . Parts 36 | . 28 8 . Haulers Intercepted 2 | . 2 . . Recyclers Shooed . | . . . . Parts Field Recycled . | . . . . Retrieved Matter . | . . . . Parts Self-Destructed 9 | . . 9 . Prevented . | . . . . Kills | -11 -10 -10 -9 ------- Run | Yrd Mat Sub Rec Combat Hostiles Destroyed 11 | . 9 2 . Guns 11 | . 9 2 . Classes Destroyed 7 | . 6 1 . Worker 1 | . 1 . . Tunneler 1 | . 1 . . Hauler 2 | . 2 . . Watcher 3 | . 3 . . Swarmer 3 | . 3 . . Grunt 6 | . 6 . . Subdweller 2 | . . 2 . Best Kill Streak 6 | . 6 2 . Combat Bots Only 5 | . 5 2 . Max Kills in Single Turn 1 | . 1 1 . Gunslinging . | . . . . Exploded . | . . . . Melee . | . . . . Uniques/NPCs Destroyed . | . . . . Combat | -11 -10 -10 -9 -------- Run | Yrd Mat Sub Rec Hostile Shots Fired 68 | . 46 17 5 Missed 15 | . 9 6 . Damage Taken 804 | . 444 241 119 Core 251 | . 138 87 26 Absorbed by Shields . | . . . . Core Remaining (%) 100 | 100 . . . Volleys Fired 74 | . 69 5 . Largest 2 | . 2 2 . Hottest 60 | . 60 43 . Shots Fired 133 | . 123 10 . Gun 133 | . 123 10 . Cannon . | . . . . Launcher . | . . . . Special . | . . . . Kinetic 79 | . 69 10 . Thermal 54 | . 54 . . Explosive . | . . . . Electromagnetic . | . . . . Robot Hit Streak 13 | . 8 13 . Robot Miss Streak 4 | . 4 . . Penetration Max . | . . . . Secondary Targets 2 | . . 2 . Max Gunslinging Chain 1 | . . 1 . Shots Hit Robots 85 | . 75 10 . Core Hits 34 | . 30 4 . Critical Kills . | . . . . Critical Parts Destroyed . | . . . . Critical Strikes . | . . . . Melee Attacks 6 | . 6 . . Impact . | . . . . Slashing . | . . . . Piercing . | . . . . Sneak Attacks 6 | . 6 . . Combat Hostiles . | . . . . Follow-up Attacks . | . . . . Damage Inflicted 827 | . 708 119 . Guns 797 | . 678 119 . Cannons . | . . . . Explosions . | . . . . Melee . | . . . . Ramming 30 | . 30 . . Kinetic 444 | . 325 119 . Thermal 353 | . 353 . . Explosive . | . . . . Electromagnetic . | . . . . Impact . | . . . . Slashing . | . . . . Piercing . | . . . . Highest Corruption . | . . . . Average Corruption . | . . . . Corruption Purged . | . . . . Corruption Blocked . | . . . . Overload Shots . | . . . . Overflow Damage . | . . . . Projectiles . | . . . . Explosions . | . . . . Melee . | . . . . Knockbacks . | . . . . Impact . | . . . . Kinetic . | . . . . Secondary . | . . . . Self-Inflicted Damage . | . . . . Shots . | . . . . Rammed . | . . . . Targets Rammed 4 | . 4 . . Kicked 4 | . 4 . . Crushed . | . . . . Highest Temperature 114 | . 114 . . Average Temperature 29 | . 29 . . Received Heat Transfer 213 | . 207 . 6 Siege Activations . | . . . . Robots Corrupted . | . . . . Combat Hostiles . | . . . . Parts Fried 1 | . 1 . . Impact Corruptions . | . . . . Robots Melted . | . . . . Combat Hostiles . | . . . . Parts Melted 2 | . . 2 . Heat Transferred 825 | . 825 . . Parts Sabotaged . | . . . . Parts Stolen . | . . . . Parts Stripped . | . . . . Power Chain Reactions . | . . . . Alert | -11 -10 -10 -9 ------- Run | Yrd Mat Sub Rec Peak Influence 216 | . 216 . 36 Initial 36 | . . . 36 Average 34 | . 34 . 36 Maximum Alert Level 1 | . 1 . . Low Security (%) 97 | 100 97 . 100 Level 1 2 | . 2 . . Level 2 . | . . . . Level 3 . | . . . . Level 4 . | . . . . Level 5 . | . . . . High Security . | . . . . Max Security . | . . . . Squads Dispatched 2 | . 2 . . Investigation 1 | . 1 . . Extermination . | . . . . Reinforcement 1 | . 1 . . Assault . | . . . . Garrison . | . . . . Intercept . | . . . . Searches Triggered . | . . . . Construction Impeded . | . . . . Haulers Reinforced . | . . . . Active Scanning Responses . | . . . . Cargo Convoy Interrupts . | . . . . Stealth | -11 -10 -10 -9 --------- Run | Yrd Mat Sub Rec Distress Signals 2 | . 2 . . Communications Jammed . | . . . . Distress Signals . | . . . . Times Spotted 35 | . 22 10 3 Peak Tracking Total 4 | . 4 4 3 Tactical Retreats 2 | . 1 1 . Traps | -11 -10 -10 -9 ------- Run | Yrd Mat Sub Rec Traps Triggered . | . . . . Indirectly . | . . . . Trap Hack Attempts 69 | . 69 . . Triggered . | . . . . Disarmed . | . . . . Reprogrammed 12 | . 12 . . Reused 1 | . 1 . . Traps Extracted . | . . . . Installed . | . . . . Triggered 1 | . 1 . . Machines | -11 -10 -10 -9 ---------- Run | Yrd Mat Sub Rec Machines Disabled . | . . . . Max in Single Turn . | . . . . Machines Repaired . | . . . . Machines Dismantled . | . . . . Machines Sabotaged . | . . . . Overloaded Fab Kills . | . . . . Hacking | -11 -10 -10 -9 --------- Run | Yrd Mat Sub Rec Machines Accessed 9 | . 9 . . Terminals 7 | . 7 . . Fabricators . | . . . . Repair Stations 1 | . 1 . . Recycling Units 1 | . 1 . . Scanalyzers . | . . . . Garrison Access . | . . . . Total Hacks 28 | . 28 . . Successful 12 | . 12 . . Failed 16 | . 16 . . Catastrophic 1 | . 1 . . Database Lockouts . | . . . . Manual 7 | . 7 . . Terminals 25 | . 25 . . Fabricators . | . . . . Repair Stations 2 | . 2 . . Recycling Units 1 | . 1 . . Scanalyzers . | . . . . Garrison Access . | . . . . Terminal Hacks 11 | . 11 . . Robot Analysis 2 | . 2 . . Prototype ID Bank 1 | . 1 . . Terminal Index 1 | . 1 . . Locate Traps 3 | . 3 . . Investigation Status 1 | . 1 . . Hauler Manifests 1 | . 1 . . Registered Components 1 | . 1 . . Zone Layout 1 | . 1 . . Fabricator Hacks . | . . . . Repair Station Hacks . | . . . . Recycling Unit Hacks 1 | . 1 . . Report Inventory 1 | . 1 . . Scanalyzer . | . . . . Garrison Access Hacks . | . . . . Unauthorized Hacks . | . . . . Terminals . | . . . . Fabricators . | . . . . Repair Stations . | . . . . Recycling Units . | . . . . Scanalyzers . | . . . . Garrison Access . | . . . . Data Cores Recovered . | . . . . Used . | . . . . Hacking Detections 8 | . 8 . . Full Trace Events 1 | . 1 . . Feedback Events . | . . . . Feedback Blocked . | . . . . Robot Schematics Acquired . | . . . . Robots Built . | . . . . Authchips . | . . . . Time . | . . . . Total Robot Build Rating . | . . . . Part Schematics Acquired . | . . . . Parts Built . | . . . . Authchips . | . . . . Time . | . . . . Total Part Build Rating . | . . . . Parts Repaired . | . . . . Time . | . . . . Parts Recycled . | . . . . Recycled Matter . | . . . . Retrieved Matter . | . . . . Retrieved Components . | . . . . Parts Scanalyzed . | . . . . Part Schematics Acquired . | . . . . Parts Damaged . | . . . . Bothacking | -11 -10 -10 -9 ------------ Run | Yrd Mat Sub Rec Used RIF Installer . | . . . . Robots Hacked 2 | . 2 . . Non-combat 2 | . 2 . . Combat . | . . . . Robot Hacks Applied 4 | . 4 . . parse_system 1 | . 1 . . no_distress 2 | . 2 . . find_recycling 1 | . 1 . . Relay Couplers Released . | . . . . Fabnet Peak Effective % . | . . . . Robots Rewired . | . . . . Allies Hacked . | . . . . Hacks Repelled . | . . . . Allies | -11 -10 -10 -9 -------- Run | Yrd Mat Sub Rec Total Allies . | . . . . Largest Group . | . . . . Highest-Rated Group . | . . . . Highest-Rated Ally . | . . . . Total Orders . | . . . . Ally Attacks . | . . . . Total Damage . | . . . . Kills . | . . . . Allies Corrupted . | . . . . Allies Melted . | . . . . Intel | -11 -10 -10 -9 ------- Run | Yrd Mat Sub Rec Robot Analysis Total 2 | . 2 . . Derelict Logs Recovered 1 | . . 1 . Drone Launches . | . . . . Drone Recoveries . | . . . . Exploration | -11 -10 -10 -9 ------------- Run | Yrd Mat Sub Rec Turns Passed 3764 | 47 3126 557 34 Spaces Moved 1526 | 36 1239 234 17 Core 12 | 12 . . . Treads . | . . . . Legs 1514 | 24 1239 234 17 Wheels . | . . . . Hover . | . . . . Flight . | . . . . Fastest Speed 50 | 50 120 190 190 Average Speed 205 | 96 207 211 190 Slowest Speed 260 | 120 260 260 190 Overloaded Moves . | . . . . Propulsion Burnouts . | . . . . Robots Hopped . | . . . . Cave-ins Triggered . | . . . . Exploration Rate (%) 33 | 3 100 23 8 Regions Visited 3 Branch Regions 2 Pre-discovered Areas . | . . . . Known Exits Taken 2 | . 1 1 . Unknown Exits Taken 1 | 1 . . . Scrap Searched . | . . . . Spaces Dug . | . . . . Terrain Destroyed . | . . . . Melee . | . . . . Projectile . | . . . . AOE . | . . . . Terrain Rammed . | . . . . Walls Destroyed . | . . . . Machines Disabled . | . . . . Actions | -11 -10 -10 -9 --------- Run | Yrd Mat Sub Rec Total 2027 | 48 1672 287 20 Wait 279 | . 240 39 . Move 1523 | 35 1238 233 17 Hop . | . . . . Pick Up 40 | 8 27 4 1 Fast Attach . | . . . . Attach 11 | 5 3 3 . Detach . | . . . . Swap 10 | . 9 1 . Drop 11 | . 7 2 2 Fire 74 | . 69 5 . Melee 6 | . 6 . . Ram . | . . . . Kick 4 | . 4 . . Crush . | . . . . Escape Stasis . | . . . . Rewire . | . . . . Trap 69 | . 69 . . Miscellaneous . | . . . . Route ------- -11/Scrapyard -10/Materials (discovered 6 exits: *Mat x3 / *Min x2 / *Sub) -10/Subcaves (discovered 2 exits: *Mat / *Rec) -9/Recycling History --------- Turn | Location | Event 23 | -11/Scrapyard | Discovered new exit (range 15) 48 | -11/Scrapyard | Entered Materials 296 | -10/Materials | Discovered new exit (range 16) 301 | -10/Materials | Build established: Mutant 777 | -10/Materials | Core integrity fell below 50% 871 | -10/Materials | Discovered new exit (range 16) 1122 | -10/Materials | Discovered new exit (range 9) 1447 | -10/Materials | Discovered new exit (range 11) 1483 | -10/Materials | Discovered new exit (range 4) 1635 | -10/Materials | Discovered new exit (range 14) 2819 | -10/Materials | Identified exit to Mines 2998 | -10/Materials | Identified exit to Materials 3170 | -10/Materials | Identified exit to Subcaves 3174 | -10/Materials | Entered Subcaves 3260 | -10/Subcaves | Discovered new exit (range 14) 3272 | -10/Subcaves | Shifting Twisted Machinery released Piercing Trap 3274 | -10/Subcaves | Shifting Twisted Machinery released Sub. Power Source 3291 | -10/Subcaves | Identified exit to Materials 3348 | -10/Subcaves | Learned 2 Materials zone layouts 3357 | -10/Subcaves | Ambushed by swarm of Subdwellers 3379 | -10/Subcaves | Core integrity fell below 20% 3411 | -10/Subcaves | Lost 3 parts (2p1n) 3520 | -10/Subcaves | Shifting Twisted Machinery released Battle Cannon 3710 | -10/Subcaves | Discovered new exit (range 12) 3712 | -10/Subcaves | A swath of the cavern ceiling suddenly collapsed 3729 | -10/Subcaves | Identified exit to Recycling 3731 | -10/Subcaves | Entered Recycling 3732 | -9/Recycling | Found Scrap Engine 3765 | -9/Recycling | Destroyed by D-53 Grenadier with Mini Grenade Launcher Last Messages --------------- EXIT=FOUND Y9-IC7(g) crushed by falling debris. 20 Matter crushed. 49 Matter crushed. Scrap Shield Fragment crushed. FZ-2TZ(g) crushed by falling debris. UI-6FP(g) crushed by falling debris. UI-6FP(g) system corrupted by crushing effect. Scrap Shield Fragment crushed. A swath of the cavern ceiling suddenly collapses. EXIT=IDENTIFIED: RECYCLING A mysterious object appears at your location! LOCATION=RECYCLING GOAL=ESCAPE Dropped Lgt. Armor Plating. Acquired Scrap Engine. P-60 Hacker springs to life. G-34 Mercenary springs to life. D-53 Grenadier springs to life. G-34 Mercenary destroyed. Map ----- +----------------------------------------------------+ | ?????????????????????????????????? | | ?????????????????????????????????? | | ?????????????????????????????????? | | ?????????????????????????????????? | | ?????????????????????????????????? | | ?????????????????????????????????? | | ?????????????????????????????????? | | ?????????????????????????????????? | | ?????????????????????????????????? | | ?????????????????????????????????? | | ?????????????????????????????????? | | ???????????????????????????? ??? | | ???????????????????????????? #?? | | ???????????????????????????? #?? | | ???????????????????????????? "?? | | ???????????????????????????# T?? | | ???????????????????????????# "?? | | ???????????????????????????# #?? | | ???????????????????????????# #?? | | ???????????????????????????# #?? | | ???????????????????????????# #?? | | ???????????????????????????# #?? | | ???????????????????????##### #?? | | ??????????????????###### #?? | | ??????????????????#k !%[ #?? | | ??????????????????# !@ #?? | | ??????????????????#l dd%| ### | | ??????????????????# Y # | # | | ??????????????????# ! Y Y# ||# | | ??????????????????+ p g # | # | | ??????????????????#! r # ### | | ??????????????????# Y! = # #?? | | ??????????????????+ Y # #?? | | ??????????????????########## #?? | | ???????????????????????????# #?? | | ?????????????????????????### ### | | ?????????????????????????#% ==# | | ?????????????????????????#%% ==# | | ?????????????????????????#%% ==# | | ?????????????????????????###! ### | | ???????????????????????????# ! #?? | | ???????????????????????????#####?? | | ?????????????????????????????????? | | ?????????????????????????????????? | | ?????????????????????????????????? | | ?????????????????????????????????? | | ?????????????????????????????????? | | ?????????????????????????????????? | | ?????????????????????????????????? | | ?????????????????????????????????? | +----------------------------------------------------+ Best States ------------- Heat Dissipation 25 Energy Generation 14 Energy Capacity 160 Matter Stores 300 Matter Capacity 300 Sight Range 16 Terrain Scan Density 10 Evasion (%) 55 Item Schematics ----------------- None Robot Schematics ------------------ None Fabricated ------------ Nothing Alien Tech Used ----------------- None Achievements -------------- None Challenges ------------ None Game ------ Seed AlphaPortableMaul Manual? 0 Play Time 00:36:02 Cumulative 14.6 hours Start 2024.04.07 @ 13:05:28 End 2024.04.07 @ 13:42:31 Sessions 1 Manual Loads 0 Difficulty Rogue Special Mode None Game No. 10 Rogue 10 Adventurer 0 Explorer 0 Win Type - Total 0 Types 0/0/0/0/0/0/0/0/0 Lore% 17 Gallery% 13 Achievement% 14 Wizard Run 0 Options --------- Layout 1 ASCII 0 Keyboard 0 Movement Mouse Keybinds 0 Fullscreen 2 Font 20/SmallcapsGlow Map View 54x42 Zoom Use 0% Tactical HUD 0 Map Filters NONE Filters NONE Steam 1 RUN: 2a553f2f-5524-432e-af35-8c0217ea3816